 Dungeon Crawl Stone Soup version 0.21.1-1-g345015f (webtiles) character file.

1488 keltmir the Geomancer (level 8, -9/44 HPs)
             Began as a Gargoyle Earth Elementalist on Apr 3, 2018.
             Was a Follower of Nemelex Xobeh.
             Killed from afar by Pikel (22 damage)
             ... with a wand of acid (9)
             ... on level 7 of the Dungeon.
             The game lasted 00:25:12 (6109 turns).

keltmir the Geomancer (Gargoyle Earth Elementalist) Turns: 6109, Time: 00:25:14

Health: -9/44      AC:  9    Str: 12    XL:     8   Next: 80%
Magic:  10/15      EV: 12    Int: 18    God:    Nemelex Xobeh [*.....]
Gold:   202        SH:  0    Dex: 10    Spells: 2/17 levels left

rFire    . . .     SeeInvis .   i - +0 whip
rCold    . . .     Gourm    .   (no shield)
rNeg     + . .     Faith    .   z - +0 troll leather armour
rPois    ∞         Spirit   .   m - +2 hat
rElec    +         Reflect  .   (no cloak)
rCorr    .         Harm     .   (no gloves)
MR       .....                  u - +0 pair of boots {run}
Stlth    ++........             D - amulet of magic regeneration
HPRegen  0.54/turn              v - ring of flight
MPRegen  0.39/turn              (no ring)

@: corroded, quick
A: negative energy resistance 1, electricity resistance, unbreathing,
petrification resistance, rot immunity, AC +5
a: Renounce Religion, Evoke Flight


You were on level 7 of the Dungeon.
You worshipped Nemelex Xobeh.
Nemelex Xobeh was aware of your devotion.
You were not hungry.

You visited 2 branches of the dungeon, and saw 8 of its levels.
You also visited: Sewer.

You collected 284 gold pieces.
You spent 82 gold pieces at shops.

Inventory:

Hand Weapons
 i - a +0 whip (weapon)
Missiles
 b - 130 stones (quivered)
Armour
 m - a +2 hat (worn)
 u - a +0 pair of boots of running (worn)
 z - a +0 troll leather armour (worn)
 B - a +0 pair of boots
Jewellery
 h - a cursed amulet of inaccuracy {unknown}
 v - a ring of flight (left hand)
 D - an amulet of magic regeneration (around neck)
 F - an uncursed amulet of guardian spirit {unknown}
Wands
 c - a wand of random effects (26)
 g - a wand of iceblast (9)
 x - a wand of digging (20)
 H - a wand of disintegration (14)
Scrolls
 a - a scroll of blinking
 k - 2 scrolls of remove curse
 o - a scroll of teleportation
 q - 2 scrolls of immolation
 t - a scroll of fog
 y - 2 scrolls of enchant weapon
Potions
 e - a potion of flight {unknown}
 f - 3 potions of heal wounds
 j - a potion of berserk rage
 l - a potion of resistance
 n - 5 potions of curing
 p - a potion of mutation
 s - a potion of cancellation
 w - a potion of lignification {unknown}
 A - a potion of brilliance
Books
 E - a book of Misfortune

   Spells                             Type                      Level
   a - Confusing Touch                Hexes                        1
   b - Confuse                        Hexes                        3
   c - Gell's Gravitas                Translocation                3
   d - Petrify                        Transmutation/Earth          4
   e - Metabolic Englaciation         Hexes/Ice                    5
   f - Yara's Violent Unravelling     Hexes/Transmutation          5
Miscellaneous
 r - an ornate deck of destruction
 C - a plain deck of summoning
Comestibles
 d - 11 rations
 G - 4 chunks of flesh


   Skills:
 - Level 2.3 Fighting
 - Level 0.6 Maces & Flails
 + Level 4.4 Armour
 - Level 2.0 Dodging
 - Level 2.1 Stealth
 + Level 5.0 Spellcasting
 - Level 0.7 Transmutations
 * Level 9.2 Earth Magic
 + Level 3.1 Invocations


You had 2 spell levels left.
You knew the following spells:

 Your Spells              Type           Power        Failure   Level  Hunger
a - Sandblast             Erth           #####.       1%          1    None
b - Passwall              Tmut/Erth      ###.......   3%          2    #......
c - Stone Arrow           Conj/Erth      ###...       8%          3    ##.....
d - Lee's Rapid Deconstr  Erth           #####.....   11%         5    ######.
e - Petrify               Tmut/Erth      ###.....     22%         4    ####...


Dungeon Overview and Level Annotations

Branches:
Dungeon (7/15)             Temple (1/1) D:4

Altars:
Cheibriados
Dithmenos
Fedhas
Gozag
Hepliaklqana
Kikubaaqudgha
Makhleb
Nemelex Xobeh
Qazlal
Ru
Sif Muna
Uskayaw
Vehumet
Wu Jian
Xom
Yredelemnul
Zin
The Shining One

Shops:
D:4 *

Annotations:
D:7 Pikel


Innate Abilities, Weirdness & Mutations

You are resistant to torment.
Your stone body is resilient. (AC +5)
You are immune to poison.
You resist negative energy. (rN+)
You are resistant to electric shocks. (rElec)
You can survive without breathing.
You are immune to petrification.
You are immune to rotting.


Message History

Confirm with . or Enter, or press ? or * to list all spells.
Aiming: Sandblast
Press: ? - help, Shift-Dir - straight line, f/p - Pikel
Aim: Pikel, wielding a whip of flaming, wearing a robe and carrying a wand of acid (10)
The blast of sand hits Pikel.
Pikel is lightly wounded.
b - 130 stones A jackal comes into view.
You feel much better. The jackal bites you.
Pikel zaps a wand.
The bolt of acid hits the jackal.
The jackal is splashed with acid.
The acid corrodes the jackal!
The jackal dies!
The bolt of acid hits you! The acid corrodes you!
You are splashed with acid!
The acid burns!
* * * LOW HITPOINT WARNING * * *
Pikel says, "You'll feel the lick of my whip!"
Pikel zaps a wand.
The bolt of acid hits you!
Ouch! That really hurt!
You die...
Your body glows slightly and disappears.

#.# ..........#.## #
#.#................# # #.
...................# # #.
..... .....[.......### #.
#.#.. ................ #.
#.#.# ................ #.
#.#.# .###.)))[..###
##.####.#.######.#.......#
#..........@....Kp#.#.####
#.#....)#.######.##.#.#
#...#####.######.##.#.#
##.## #...........#.. #.#
###......###### .######.#
#)###### ........# #.#
######..# #.# #..# #.#


You could see Pikel and a slave.

Vanquished Creatures
  A hippogriff (D:7)
  2 slaves (D:7)
  A phantom (D:4)
  A black bear (D:6)
  An ogre (D:6)
  A crocodile (Sewer)
  A centaur (D:6)
  Blork the orc (D:3)
  A bullfrog (D:7)
  3 scorpions
  A crimson imp (D:4)
  3 hounds
  A bullfrog skeleton (D:3)
  An orc priest (D:6)
  7 orc wizards
  A worker ant (D:4)
  A hound skeleton (D:4)
  7 adders
  2 shadow imps
  3 oozes
  4 worms
  4 dart slugs
  A leopard gecko (D:6)
  19 orcs
  2 bats (D:1)
  8 giant cockroaches
  6 goblins
  4 hobgoblins
  14 jackals
  3 quokkas
  2 ball pythons
  7 frilled lizards
  9 kobolds
  A quokka skeleton (D:5)
  7 rats
131 creatures vanquished.

Vanquished Creatures (others)
  A jackal (D:7)
1 creature vanquished.

Grand Total: 132 creatures vanquished

Notes
Turn   | Place    | Note
-------+----------+-------------------------------------------
     0 | D:1      | keltmir the Gargoyle Earth Elementalist began the quest for the Orb.
     0 | D:1      | Reached XP level 1. HP: 10/10 MP: 3/3
   246 | D:1      | Reached XP level 2. HP: 15/16 MP: 3/5
   782 | D:1      | Reached skill level 1 in Fighting
   953 | D:1      | Learned a level 2 spell: Passwall
  1044 | D:2      | Reached skill level 4 in Earth Magic
  1044 | D:2      | Reached XP level 3. HP: 17/20 MP: 3/6
  1049 | D:2      | Learned a level 3 spell: Stone Arrow
  1462 | D:2      | Reached XP level 4. HP: 25/25 MP: 4/7
  2206 | D:3      | Found a hazy altar of Hepliaklqana.
  2406 | D:3      | Reached skill level 5 in Earth Magic
  2406 | D:3      | Reached XP level 5. HP: 27/30 MP: 7/9
  3182 | D:4      | Noticed Blork the orc
  3190 | D:4      | Found Ydun's General Store.
  3233 | D:4      | Reached XP level 6. HP: 35/35 MP: 6/10
  3236 | D:3      | Reached skill level 1 in Armour
  3369 | D:3      | Killed Blork the orc
  3369 | D:3      | Reached skill level 6 in Earth Magic
  3507 | D:4      | Bought a scroll of enchant weapon for 82 gold pieces
  3535 | D:4      | Noticed a phantom
  3543 | D:4      | Killed a phantom
  3543 | D:4      | Reached XP level 7. HP: 37/40 MP: 7/12
  3659 | D:4      | Found a staircase to the Ecumenical Temple.
  3671 | Temple   | Entered the Ecumenical Temple
  3767 | Temple   | Became a worshipper of Nemelex Xobeh the Trickster
  3844 | D:4      | Found a deep blue altar of Sif Muna.
  3905 | D:4      | Reached skill level 7 in Earth Magic
  4031 | D:4      | Found a radiant altar of Vehumet.
  4130 | D:4      | Found a glowing silver altar of Zin.
  4205 | D:4      | Received a gift from Nemelex Xobeh
  4337 | D:5      | Entered Level 5 of the Dungeon
  4504 | D:5      | Found a shimmering altar of Xom.
  4655 | D:5      | Reached * piety under Nemelex Xobeh
  5047 | D:6      | Reached skill level 1 in Invocations
  5087 | D:6      | Reached skill level 8 in Earth Magic
  5087 | D:6      | Reached XP level 8. HP: 43/44 MP: 9/14
  5146 | D:6      | Found a glowing drain.
  5163 | Sewer    | Entered a sewer
  5470 | D:6      | Learned a level 5 spell: Lee's Rapid Deconstruction
  5475 | D:6      | Learned a level 4 spell: Petrify
  5509 | D:6      | Received a gift from Nemelex Xobeh
  5995 | D:7      | Identified a +0 pair of boots of running (You found it on level 7 of the Dungeon)
  6014 | D:7      | Noticed a hippogriff
  6042 | D:7      | Killed a hippogriff
  6042 | D:7      | Reached skill level 5 in Spellcasting
  6042 | D:7      | Reached skill level 9 in Earth Magic
  6081 | D:7      | Noticed Pikel
  6109 | D:7      | Killed from afar by Pikel

Skill      XL: |  1  2  3  4  5  6  7  8 |
---------------+-------------------------+-----
Fighting       | 1 2 |  2.3
Dodging        | 2 |  2.0
Earth Magic    | 4 5 6 8 9 |  9.2
Spellcasting   | 3 4 5 |  5.0
Armour         | 2 3 4 |  4.4
Invocations    | 1 3 |  3.1
Maces & Flails | |  0.6
Stealth        | |  2.1
Transmutations | |  0.7

Action                   |  1- 3 |  4- 6 |  7- 9 || total
-------------------------+-------+-------+-------++-------
Melee: Unarmed           |     1 |       |       ||     1
       Whip              |     4 |    66 |    50 ||   120
 Cast: Sandblast         |    46 |    80 |   114 ||   240
       Stone Arrow       |       |       |     7 ||     7
  Use: Scroll            |       |     8 |     7 ||    15
       Potion            |       |       |     1 ||     1
  Eat: Chunk             |     2 |     7 |     8 ||    17
Armor: Robe              |    12 |     5 |       ||    17
       Ring mail         |       |    47 |    50 ||    97
       Troll leather arm |       |       |    10 ||    10
Dodge: Dodged            |    27 |    78 |    49 ||   154
